 Dungeon Crawl Stone Soup version 0.22-a0-833-g8522bf8 (webtiles) character file.

14421 Amnesiac the Thaumaturge (level 11, -14/68 HPs)
             Began as a Mummy Earth Elementalist on July 26, 2018.
             Was an Elder of Vehumet.
             Demolished by an ice devil (17 damage)
             ... in an ice cave.
             The game lasted 00:26:15 (14684 turns).

Amnesiac the Thaumaturge (MuEE)                    Turns: 14684, Time: 00:26:16

Health: -14/68     AC:  9    Str: 11    XL:     11   Next: 88%
Magic:  3/27       EV: 11    Int: 18    God:    Vehumet [****..]
Gold:   586        SH:  5    Dex: 13    Spells: 16/34 levels left

rFire    . . .     SeeInvis .   a - +1 spear (venom)
rCold    . . .     Gourm    .   k - +0 buckler
rNeg     + + +     Faith    .   m - +2 leather armour {rN+}
rPois    ∞         Spirit   .   j - +1 helmet
rElec    .         Reflect  .   t - +0 cloak
rCorr    .         Harm     .   (no gloves)
MR       +....                  q - +0 pair of boots
Stlth    ++........             (no amulet)
HPRegen  0.21/turn              i - ring of fire
MPRegen  0.20/turn              (no ring)

@: no status effects
A: no food or potions, fire vulnerability, cold resistance 1, negative energy
resistance 3, torment resistance, unbreathing
a: Renounce Religion


You were in an ice cave.
You worshipped Vehumet.
Vehumet was greatly pleased with you.
You were not hungry.

You visited 2 branches of the dungeon, and saw 12 of its levels.
You also visited: Ice Cave.

You collected 586 gold pieces.

Inventory:

Hand Weapons
 a - a +1 spear of venom (weapon)
 b - a +2 whip of electrocution
Missiles
 d - 44 sling bullets
 e - 197 stones (quivered)
Armour
 j - a +1 helmet (worn)
 k - a +0 buckler (worn)
 m - a +2 leather armour of positive energy (worn)
 q - a +0 pair of boots (worn)
 t - a +0 cloak (worn)
Jewellery
 i - a ring of fire (left hand)
 p - an uncursed amulet of guardian spirit
Wands
 c - a wand of iceblast (6)
 f - a wand of acid (7)
 h - a wand of paralysis (24)
 r - a wand of digging (17)
Scrolls
 g - 4 scrolls of remove curse {!r}
 l - 5 scrolls of teleportation {!r}
 n - 2 scrolls of amnesia {!r}
 o - a scroll of fear {!r}
 s - a scroll of fog {!r}
 u - a scroll of enchant armour {!r, unknown}
 v - 7 scrolls of identify {!r}
 w - a scroll of enchant weapon {!r}


   Skills:
 - Level 1.5 Dodging
 - Level 1.5 Stealth
 - Level 4.0 Shields
 + Level 12.4 Spellcasting
 - Level 4.0 Conjurations
 - Level 0.7 Transmutations
 * Level 12.4 Earth Magic


You had 16 spell levels left.
You knew the following spells:

 Your Spells              Type           Power        Failure   Level  Hunger
a - Stone Arrow           Conj/Erth      #####.       1%          3    N/A
b - Passwall              Tmut/Erth      ####....     1%          2    N/A
c - Sandblast             Erth           ######       1%          1    N/A
d - Lee's Rapid Deconstr  Erth           ######....   1%          5    N/A
e - Petrify               Tmut/Erth      ####....     5%          4    N/A
s - Conjure Flame         Conj/Fire      ####....     3%          3    N/A

Your spell library contained the following spells:

 Spells                   Type           Power        Failure   Level  Hunger


Dungeon Overview and Level Annotations

Branches:
Dungeon (11/15)            Temple (1/1) D:6            Lair (0/6) D:8
    Orc (0/2) D:9

Altars:
Ashenzari
Cheibriados
Dithmenos
Elyvilon
Fedhas
Gozag
Hepliaklqana
Kikubaaqudgha
Makhleb
Nemelex Xobeh
Okawaru
Qazlal
Ru
Sif Muna
Trog
Uskayaw
Vehumet
Wu Jian
Xom
Yredelemnul
Zin
The Shining One

Shops:
D:4 %   D:7 (:}%!   D:11 *


Innate Abilities, Weirdness & Mutations

You do not eat or drink.
Your flesh is vulnerable to fire.
You are immune to poison.
Your flesh is cold resistant. (rC+)
You are immune to negative energy. (rN+++)
You are immune to unholy pain and torment.
You can survive without breathing.


Message History

The ice devil barely misses you.
Casting: Stone Arrow (safe; 1% risk of failure)
Confirm with . or Enter, or press ? or * to list all spells.
Aiming: Stone Arrow (safe; 1% risk of failure)
Press: ? - help, Shift-Dir - straight line, f - ice devil
Aim: an ice devil The stone arrow hits the ice devil.
The ice devil is lightly wounded.
The ice devil barely misses you.
Casting: Stone Arrow (safe; 1% risk of failure)
Confirm with . or Enter, or press ? or * to list all spells.
Aiming: Stone Arrow (safe; 1% risk of failure)
Press: ? - help, Shift-Dir - straight line, f/p - ice devil
Aim: an ice devil (lightly wounded)
The stone arrow hits the ice devil.
The ice devil is moderately wounded.
The ice devil closely misses you.
Casting: Stone Arrow (safe; 1% risk of failure)
Confirm with . or Enter, or press ? or * to list all spells.
Aiming: Stone Arrow (safe; 1% risk of failure)
Press: ? - help, Shift-Dir - straight line, f/p - ice devil
Aim: an ice devil (moderately wounded)
The stone arrow hits the ice devil.
The ice devil is heavily wounded.
The ice devil hits you. The ice devil freezes you!
Casting: Stone Arrow (safe; 1% risk of failure)
Confirm with . or Enter, or press ? or * to list all spells.
You don't have enough magic to cast that spell.
Casting: Stone Arrow (safe; 1% risk of failure)
Confirm with . or Enter, or press ? or * to list all spells.
You don't have enough magic to cast that spell.
Casting: Stone Arrow (safe; 1% risk of failure)
Confirm with . or Enter, or press ? or * to list all spells.
You don't have enough magic to cast that spell.
The ice devil hits you but does no damage.
Evoke which item? (* to show all) (? for menu, Esc to quit)
Aiming: Corrosive Bolt
Press: ? - help, Shift-Dir - straight line, f/p - ice devil
Aim: an ice devil (heavily wounded)
The bolt of acid hits the ice devil.
The ice devil appears unharmed.
The ice devil is heavily wounded.
The ice devil hits you but does no damage.
Evoke which item? (* to show all) (? for menu, Esc to quit)
Aiming: Corrosive Bolt
Press: ? - help, Shift-Dir - straight line, f/p - ice devil
Aim: an ice devil (heavily wounded)
The bolt of acid hits the ice devil.
The ice devil is splashed with acid.
The acid corrodes the ice devil!
The ice devil is severely wounded.
The ice devil hits you. The ice devil freezes you!!
Casting: Stone Arrow (safe; 1% risk of failure)
Confirm with . or Enter, or press ? or * to list all spells.
Aiming: Stone Arrow (safe; 1% risk of failure)
Press: ? - help, Shift-Dir - straight line, f/p - ice devil
Aim: an ice devil (severely wounded, covered in acid)
The stone arrow misses the ice devil.
The ice devil hits you!
* * * LOW HITPOINT WARNING * * *
The ice devil freezes you!
* * * LOW HITPOINT WARNING * * *
Unknown command.
The ice devil hits you.
* * * LOW HITPOINT WARNING * * *
The ice devil freezes you!
You die...

##### #### ####.#.##
##..## #### #.......##
##....#####..####.......#
#.......##....##........#
#.∩.∩.....@4#...........#
#..........###.........##
##....##..## ###.......#
##..###### ##......# ####
#.......# ##.....##
#....## ##..## #...##


You could see an ice devil.

Vanquished Creatures
  A hydra (D:11)
  A two-headed ogre (D:8)
  3 death yaks (D:8)
  A skeletal warrior (D:9)
  2 cyclopes (D:11)
  Maurice (D:8)
  2 ice statues (IceCv)
  Psyche (D:8)
  A centaur zombie (D:11)
  4 ice devils (IceCv)
  A hornet (D:10)
  4 hippogriffs
  Sigmund (D:3)
  A wyvern (D:8)
  11 yaks
  A black bear (D:9)
  3 sky beasts
  3 orc warriors
  2 ice beasts (D:10)
  A necrophage (D:9)
  7 ogres
  2 big kobolds
  5 bullfrogs
  A wyvern zombie (D:9)
  A wyvern skeleton (D:9)
  A scorpion (D:10)
  3 wights (D:7)
  3 howler monkeys
  12 crimson imps
  5 hounds
  6 jellies
  3 orc priests
  2 centaur skeletons
  12 orc wizards
  A bullfrog skeleton (D:8)
  A gnoll shaman (D:7)
  2 iguanas
  13 worker ants
  Robin (D:2)
  A howler monkey zombie (D:9)
  3 worker ant zombies
  12 gnolls
  11 adders
  7 white imps (IceCv)
  6 ufetubi (IceCv)
  5 oozes (D:8)
  An adder skeleton (D:8)
  3 worms
  3 dart slugs
  4 leopard geckos
  33 orcs
  16 bats
  7 giant cockroaches
  18 goblins
  13 hobgoblins
  5 jackals
  12 kobolds
  2 quokkas
  2 ball pythons
  A frilled lizard (D:4)
  A giant cockroach zombie (D:6)
  A quokka zombie (D:9)
  7 rats
300 creatures vanquished.

Vanquished Creatures (others)
  4 white imps (IceCv)
  An ufetubus (IceCv)
5 creatures vanquished.

Grand Total: 305 creatures vanquished

Notes
Turn   | Place    | Note
-------+----------+-------------------------------------------
     0 | D:1      | Amnesiac the Mummy Earth Elementalist began the quest for the Orb.
     0 | D:1      | Reached XP level 1. HP: 13/13 MP: 4/4
   419 | D:2      | Noticed Robin
   451 | D:2      | Reached XP level 2. HP: 19/19 MP: 2/5
   577 | D:2      | Learned a level 2 spell: Passwall
   599 | D:2      | Found a sparkling altar of Nemelex Xobeh.
   814 | D:4      | Found Dimafat's Food Shop.
   857 | D:3      | Found an ancient bone altar of Kikubaaqudgha.
   857 | D:3      | Found a white marble altar of Elyvilon.
   857 | D:3      | Found a blossoming altar of Fedhas.
   859 | D:3      | Noticed Sigmund
   862 | D:3      | Reached XP level 3. HP: 24/24 MP: 4/7
  1088 | D:3      | Learned a level 3 spell: Stone Arrow
  1123 | D:3      | Killed Sigmund
  1123 | D:3      | Reached XP level 4. HP: 22/30 MP: 3/10
  1123 | D:3      | Reached XP level 5. HP: 25/35 MP: 3/11
  2287 | D:4      | Reached skill level 1 in Conjurations
  2287 | D:4      | Reached XP level 6. HP: 36/41 MP: 0/12
  2293 | D:4      | Learned a level 4 spell: Petrify
  2586 | D:4      | Reached skill level 1 in Shields
  3004 | D:5      | Entered Level 5 of the Dungeon
  3425 | D:5      | Reached XP level 7. HP: 46/46 MP: 1/13
  3506 | D:5      | Learned a level 5 spell: Lee's Rapid Deconstruction
  4503 | D:5      | Noticed a hippogriff
  4529 | D:5      | Killed a hippogriff
  4966 | D:6      | Reached XP level 8. HP: 50/52 MP: 0/15
  5137 | D:6      | Reached skill level 5 in Spellcasting
  5137 | D:6      | Reached skill level 5 in Earth Magic
  5364 | D:6      | Found a staircase to the Ecumenical Temple.
  5501 | Temple   | Entered the Ecumenical Temple
  5726 | Temple   | Became a worshipper of Vehumet
  6595 | D:2      | Reached * piety under Vehumet
  6595 | D:2      | Offered knowledge of Freeze by Vehumet.
  7280 | D:2      | Killed Robin
  7305 | D:2      | Found a sparkling altar of Nemelex Xobeh.
  7817 | D:3      | Found a faded altar of an unknown god.
  8238 | D:6      | Found a basalt altar of Yredelemnul.
  8339 | D:7      | Offered knowledge of Flame Tongue by Vehumet.
  8350 | D:7      | Reached ** piety under Vehumet
  8497 | D:7      | Noticed a hippogriff
  8506 | D:7      | Noticed a hippogriff
  8522 | D:7      | Killed a hippogriff
  8637 | D:7      | Killed a hippogriff
  8637 | D:7      | Reached XP level 9. HP: 42/57 MP: 5/19
  8873 | D:7      | Found Antuenen's Food Boutique.
  8888 | D:7      | HP: 2/57 [crimson imp/whip of electrocution (4)]
  9205 | D:7      | Found Ipotuetu's Antique Weapon Boutique.
  9212 | D:7      | Found Fyoxez's Book Shop.
  9216 | D:7      | Found Vuatirez's Gadget Boutique.
  9253 | D:7      | Offered knowledge of Conjure Flame by Vehumet.
  9258 | D:7      | Learned a level 3 spell: Conjure Flame
  9290 | D:7      | Found Oxufaf's Distillery.
  9618 | D:8      | Noticed a death yak
  9659 | D:8      | Killed a death yak
  9931 | D:8      | Reached *** piety under Vehumet
  9973 | D:8      | Noticed a death yak
 10037 | D:8      | Reached XP level 10. HP: 54/63 MP: 17/23
 10134 | D:8      | Noticed Psyche
 10138 | D:8      | Killed Psyche
 10321 | D:8      | Noticed Maurice
 10340 | D:8      | Killed Maurice
 10357 | D:8      | Offered knowledge of Static Discharge by Vehumet.
 10366 | D:8      | Noticed a two-headed ogre
 10526 | D:8      | HP: 3/63 [death yak (8)]
 10527 | D:8      | Killed a death yak
 10527 | D:8      | Reached skill level 10 in Spellcasting
 10527 | D:8      | Reached skill level 10 in Earth Magic
 10806 | D:8      | Found a sparkling altar of Nemelex Xobeh.
 10971 | D:8      | Killed a two-headed ogre
 10992 | D:8      | Noticed a death yak
 11147 | D:8      | Found a staircase to the Lair.
 11197 | D:8      | Killed a death yak
 11433 | D:9      | Found a staircase to the Orcish Mines.
 11464 | D:9      | Reached **** piety under Vehumet
 11521 | D:9      | Reached XP level 11. HP: 68/68 MP: 12/25
 11696 | D:9      | Noticed a skeletal warrior
 11707 | D:9      | Killed a skeletal warrior
 11707 | D:9      | Offered knowledge of Sticky Flame by Vehumet.
 12310 | D:10     | Entered Level 10 of the Dungeon
 13589 | D:11     | Found Suintemn's General Store.
 13613 | D:11     | Found a frozen archway.
 13636 | D:11     | Noticed a four-headed hydra
 13642 | D:11     | Killed a four-headed hydra
 13758 | IceCv    | Entered an ice cave
 14684 | IceCv    | HP: 3/68 [ice devil (5)]
 14684 | IceCv    | Demolished by an ice devil

Vault maps used:
D:1:      minmay_arrival_wavy_path, columned_hall_lemuel
D:2:      lemuel_coloured_pillars_altar, minmay_misc_feat_encased, uniq_robin
D:3:      grunt_temple_overflow_open, chequers_ecumenical_altar_simple_redux,
          uniq_sigmund
D:4:      serial_shops, nicolae_shop_statue_plus, feat_on_display
D:5:      first_ration, palyth_stone_intersect
D:6:      minmay_temple_entry_poolview, kennysheep_flooded_box
D:7:      serial_shops, shop, nicolae_shop_trees, shop, nicolae_shop_waterfront,
          shop, minmay_bent
D:8:      dpeg_lair_monsters, basic_altar, hangedman_little_slice_of_home,
          corexii_corridor_pit, uniq_psyche, uniq_maurice
D:9:      minmay_cornered_nines, orc_0_dummy
D:11:     ebering_ghost_inner_flame, portal_ice_cave_entry_pillars_1,
          serial_shops, nicolae_shop_crystal, serial_park_tiny_pond,
          fedhas_altar_decomposition
Temple:   dpeg_five_rooms_temple
IceCv:    ice_cave_small_demon

Skill      XL: |  1  2  3  4  5  6  7  8  9 10 11 |
---------------+----------------------------------+-----
Spellcasting   | 3 4 7 9 10 12 | 12.4
Earth Magic    | 3 4 7 9 10 12 | 12.4
Conjurations   | 1 3 4 |  4.0
Shields        | 2 4 |  4.0
Dodging        | |  1.5
Stealth        | |  1.5
Transmutations | |  0.7

Action                   |  1- 3 |  4- 6 |  7- 9 | 10-12 || total
-------------------------+-------+-------+-------+-------++-------
Melee: Unarmed           |    26 |       |       |       ||    26
       Dagger            |    32 |    10 |       |       ||    42
       Spear             |       |    12 |   216 |   127 ||   355
 Cast: Sandblast         |    31 |     4 |       |       ||    35
       Passwall          |     2 |     1 |     2 |     2 ||     7
       Stone Arrow       |       |    44 |   115 |    88 ||   247
       Lee's Rapid Decon |       |       |    14 |    80 ||    94
       Conjure Flame     |       |       |       |     4 ||     4
Evoke: Wand              |       |     1 |     6 |    23 ||    30
  Use: Scroll            |     2 |     2 |     8 |       ||    12
 Stab: Sleeping          |     1 |       |     3 |       ||     4
       Paralysed         |       |     4 |       |       ||     4
       Distracted        |       |       |     1 |       ||     1
Armor: Robe              |    11 |     3 |    17 |       ||    31
       Leather armour    |       |       |    30 |    49 ||    79
Dodge: Dodged            |    38 |    19 |   104 |    58 ||   219
Block: Buckler           |       |     3 |    41 |    34 ||    78

Table legend:
 A = Spawn XP
 B = Non-spawn XP
 C = Spawn XP percentage of total XP
 D = Spawn monster count
 E = Non-spawn monster count
 F = Spawn count percentage of total count
 G = Total turns spent on level
                    A         B        C        D         E        F      G
               +---------+---------+-------+---------+---------+-------+---------
         Total |       0 |   20602 |   0.0 |       0 |     300 |   0.0 | 14684
               +---------+---------+-------+---------+---------+-------+---------
           D:1 |       0 |      43 |   0.0 |       0 |      24 |   0.0 |   748
           D:2 |       0 |     108 |   0.0 |       0 |      37 |   0.0 |  1507
           D:3 |       0 |     348 |   0.0 |       0 |      28 |   0.0 |  1236
           D:4 |       0 |     215 |   0.0 |       0 |      14 |   0.0 |  1633
           D:5 |       0 |     842 |   0.0 |       0 |      24 |   0.0 |  1889
           D:6 |       0 |     393 |   0.0 |       0 |      12 |   0.0 |  1005
           D:7 |       0 |    1994 |   0.0 |       0 |      37 |   0.0 |  1289
           D:8 |       0 |    6729 |   0.0 |       0 |      47 |   0.0 |  1848
           D:9 |       0 |    1646 |   0.0 |       0 |      21 |   0.0 |   877
          D:10 |       0 |    2843 |   0.0 |       0 |      29 |   0.0 |  1142
          D:11 |       0 |    3030 |   0.0 |       0 |       8 |   0.0 |   306
         IceCv |       0 |    2411 |   0.0 |       0 |      19 |   0.0 |   926
               +---------+---------+-------+---------+---------+-------+---------
